 Dungeon Crawl Stone Soup version 0.28-a0-1594-ga885d4b3d6 (webtiles) character file.

Game seed: 2430898708250162236

72 fragbeetle the Chopper (level 4, -1/40 HPs)
             Began as a Hill Orc Monk on Jan 20, 2022.
             Slain by a gnoll (2 damage)
             ... on level 2 of the Dungeon.
             The game lasted 00:04:20 (1468 turns).

fragbeetle the Chopper (Hill Orc Monk)              Turns: 1468, Time: 00:04:21

Health: -1/40      AC:  5    Str: 15    XL:     4   Next: 26%
Magic:  4/4        EV: 11    Int: 10    God:
Gold:   95         SH:  0    Dex: 13    Spells: 3/3 levels left

rFire   . . .      SeeInvis .   l - +0 war axe
rCold   . . .      Faith    .   (no shield)
rNeg    . . .      Spirit   .   d - +0 ring mail
rPois   .          Reflect  .   (no helmet)
rElec   .          Harm     .   (no cloak)
rCorr   .          Rampage  .   (no gloves)
Will    .....                   (no boots)
Stlth   +.........              (no amulet)
HPRegen 0.13/turn               (no ring)
MPRegen 0.09/turn               (no ring)

@: lethally poisoned (-1 -> -7)
A: no striking features
a: no special abilities


You were on level 2 of the Dungeon.
You visited 1 branch of the dungeon, and saw 3 of its levels.

You collected 95 gold pieces.

Inventory:

Hand Weapons
 a - a +0 hand axe
 k - a +0 hunting sling
 l - a +0 war axe (weapon)
Missiles
 g - 23 stones (quivered)
Armour
 b - a +0 robe
 d - a +0 ring mail (worn)
Scrolls
 c - a scroll of teleportation {unknown}
 f - a scroll of immolation {unknown}
 h - a scroll of enchant armour {unknown}
 i - a scroll of identify {unknown}
Potions
 e - 2 potions of mutation {unknown}
 j - 2 potions of degeneration {unknown}


   Skills:
 - Level 4.0 Fighting
 * Level 5.5 Axes
 + Level 2.9 Dodging
 - Level 2.0 Stealth


You had 3 spell levels left.
You didn't know any spells.
Your spell library contained the following spells:

 Spells                   Type           Power      Damage    Failure   Level
 Ignite Poison            Fire/Tmut/Pois 0%         N/A       92%         3
 Mephitic Cloud           Conj/Pois/Air  0%         N/A       92%         3
 Freezing Cloud           Conj/Ice/Air   0%         6-21      100%        5


Dungeon Overview and Level Annotations

Branches:
Dungeon (3/15)

Altars:

Annotations:
D:2 1 runed translucent door, Crazy Yiuf


Message History

You barely miss the gnoll. The gnoll completely misses you.
A gnoll comes into view. It is wielding a +0 flail.
The gnoll hits you with a +0 spear.
You closely miss the gnoll. The gnoll hits you with a +0 spear.
You barely miss the gnoll.
The gnoll shouts!
The gnoll closely misses you.
You closely miss the gnoll. The gnoll hits you with a +0 spear.
You hit the gnoll but do no damage. The gnoll hits you with a +0 spear.
The gnoll throws a throwing net.
The throwing net hits you.
You become entangled in the net!
You struggle against the net.
The gnoll hits you but does no damage.
You struggle against the net.
The gnoll hits you with a +0 spear. The gnoll hits you with a +0 flail.
* * * LOW HITPOINT WARNING * * *
A gnoll comes into view. It is wielding a +0 flail.
You rip the net and break free!
The gnoll barely misses you. The gnoll hits you with a +0 flail.
* * * LOW HITPOINT WARNING * * *
The gnoll closely misses you.
The adder hisses angrily.
The gnoll throws a throwing net.
The throwing net closely misses you. The adder closely misses you.
The adder hisses angrily.
The adder closely misses you. The adder bites you.
* * * LOW HITPOINT WARNING * * *
The adder bites you.
* * * LOW HITPOINT WARNING * * *
The adder barely misses you. The adder closely misses you.
The adder closely misses you. The adder bites you but does no damage.
The adder bites you but does no damage. x2
There is a stone staircase leading up here.
The adder bites you.
* * * LOW HITPOINT WARNING * * *
You are lethally poisoned!
The adder poisons you! The adder bites you but does no damage.
The gnoll hits you from afar with a +0 spear.
You die...

##.....#.....##
##.............##
#...............#
#...............#
#.>.............#
#...............#
#..............##
#..............#
#.......)@.....#
#####
#####.....#SS....#
#..)#
#.........##g....#
#...#
#..........#g....#
...
#...........g....#
#+#
####.##.........##
##.# #
#.##.........##
#.## #
#.##.[........#
##.# #
#.##..........#
#.## #


You could see 3 gnolls and 2 adders.

Vanquished Creatures
  A gnoll (D:2)
  An adder (D:2)
  A worm (D:2)
  A dart slug (D:2)
  3 endoplasms
  A giant cockroach (D:1)
  8 goblins
  3 hobgoblins
  6 jackals (D:1)
  4 kobolds
  2 quokkas
  7 bats
  A frilled lizard (D:1)
  6 rats
45 creatures vanquished.

Notes
Turn   | Place    | Note
-------+----------+-------------------------------------------
     0 | D:1      | fragbeetle the Hill Orc Monk began the quest for the Orb.
     0 | D:1      | Reached XP level 1. HP: 19/19 MP: 1/1
   129 | D:1      | Reached XP level 2. HP: 27/27 MP: 2/2
   514 | D:1      | Reached XP level 3. HP: 24/33 MP: 3/3
  1058 | D:3      | Reached skill level 5 in Axes
  1106 | D:2      | Found a runed translucent door.
  1107 | D:2      | Noticed Crazy Yiuf
  1218 | D:2      | Found a faded altar of an unknown god.
  1385 | D:2      | Reached XP level 4. HP: 31/40 MP: 4/4
  1468 | D:2      | HP: 1/40 [adder (3)]
  1468 | D:2      | Slain by a gnoll

Illustrated notes

Levels and vault maps discovered:
D:1:      dpeg_arrival_subterranean_lakeside_camping, layout_basic
D:2:      layout_rooms, basic_altar, basic_ecumenical_altar, uniq_sigmund,
          uniq_crazy_yiuf_cottage
D:3:      layout_basic, mainiacjoe_overflow_brackets, okawaru_altar_gauntlet_db,
          kennysheep_generic_room_13, uniq_jessica

Skill      XL: |  1  2  3 |
---------------+----------+-----
Stealth        | 2 |  2.0
Fighting       | 4 |  4.0
Axes           | 5 |  5.5
Dodging        | |  2.9

Action                   |  1- 3 |  4- 6 || total
-------------------------+-------+-------++-------
Melee: Hand axe          |   124 |     6 ||   130
       Punch             |     1 |       ||     1
       War axe           |       |     6 ||     6
 Fire: Hunting sling     |       |     3 ||     3
 Stab: Sleeping          |     5 |       ||     5
Armor: Robe              |    12 |       ||    12
       Ring mail         |    38 |     6 ||    44
Dodge: Dodged            |    83 |    13 ||    96

Table legend: (Time is in decaauts)
 A = Elapsed time spent in this place.
 B = Non-inter-level travel time spent in this place.
 C = Inter-level travel time spent in this place.
 D = Time resting spent in this place.
 E = Time spent auto-exploring this place.
 F = Levels seen in this place.
 G = Mean time per level.
                   A        B        C        D        E       F      G
               +--------+--------+--------+--------+--------+-----+--------+
         Total |   1482 |   1317 |    165 |    161 |    648 |   3 |  494.0 |
       Dungeon |   1482 |   1317 |    165 |    161 |    648 |   3 |  494.0 |
               +--------+--------+--------+--------+--------+-----+--------+

Top non-repeatable levels by time:
     D:1: 1109 daAuts
     D:2: 352 daAuts
     D:3: 19 daAuts
